 Dungeon Crawl Stone Soup version 0.22.1-1-ga44c0e5 (webtiles) character file.

453 roasted the Cudgeler (level 6, -2/61 HPs)
             Began as a Troll Berserker on Oct 6, 2018.
             Was a Priest of Trog.
             Killed from afar by an electric eel (7 damage)
             ... with a bolt of electricity
             ... on level 4 of the Dungeon.
             The game lasted 00:24:40 (2594 turns).

roasted the Cudgeler (Troll Berserker)              Turns: 2594, Time: 00:24:43

Health: -2/61      AC:  8    Str: 32    XL:     6   Next: 75%
Magic:  14/14      EV: 11    Int:  3    God:    Trog [***...]
Gold:   249        SH:  0    Dex:  9    Spells: 5/5 levels left

rFire    . . .     SeeInvis .   l - +0 battleaxe
rCold    . . .     Gourm    +   (shield currently unavailable)
rNeg     . . .     Faith    .   b - +1 animal skin
rPois    .         Spirit   .   (helmet restricted)
rElec    .         Reflect  .   (no cloak)
rCorr    .         Harm     .   (gloves unavailable)
MR       .....                  (boots unavailable)
Stlth    +.........             (no amulet)
HPRegen  0.60/turn              p - +4 ring of strength
MPRegen  0.14/turn              g - ring of magical power

@: no status effects
A: large, unfitting armour, claws 3, slimy green scales 1, fast metabolism 3,
gourmand, regeneration 1, screaming 1, shaggy fur 1, tough skin 2
a: Berserk, Trog's Hand, Renounce Religion


You were on level 4 of the Dungeon.
You worshipped Trog.
Trog was most pleased with you.
You were very full.

You visited 1 branch of the dungeon, and saw 4 of its levels.

You collected 249 gold pieces.

Inventory:

Hand Weapons
 a - a +0 mace
 l - a +0 battleaxe (weapon)
 o - a +1 long sword
Missiles
 h - 5 tomahawks of returning (quivered)
Armour
 b - a +1 animal skin (worn)
Jewellery
 g - a ring of magical power (right claw)
 p - a +4 ring of strength (left claw)
Wands
 n - a wand of flame (22)
Scrolls
 d - a scroll of random uselessness
 e - 2 scrolls of teleportation
 m - a scroll of identify
Potions
 f - a potion of might {unknown}
 i - 2 potions of curing
 j - a potion of flight
Comestibles
 c - 7 rations
 k - a chunk of flesh


   Skills:
 + Level 3.3 Fighting
 + Level 1.4 Long Blades
 + Level 2.3(3.3) Axes
 + Level 4.1(4.4) Maces & Flails
 + Level 3.9 Dodging
 + Level 0.4 Stealth


You had 5 spell levels left.
You didn't know any spells.
Your spell library was empty.

Dungeon Overview and Level Annotations

Branches:
Dungeon (4/15)
 Temple: D:4-7

Altars:
Ru

Annotations:
D:4 1 transporter


Innate Abilities, Weirdness & Mutations

You are too large for most types of armour.
You have claws for hands.
Your metabolism is lightning-fast.
You like to eat raw meat.
Your natural rate of healing is unusually fast.
You are covered in fur. (AC +1)
You have very tough skin. (AC +2)
You are partially covered in slimy green scales. (AC +2)
You occasionally shout uncontrollably at your foes.


Message History

The electric eel shoots out a bolt of lightning at you!
The bolt of electricity hits you!
You hit the electric eel.
The electric eel is lightly wounded.
You miss the electric eel.
The electric eel shoots out a bolt of lightning at you!
The bolt of electricity hits you!
You closely miss the electric eel.
The electric eel is lightly wounded.
You closely miss the electric eel.
The electric eel shoots out a bolt of lightning at you!
The bolt of electricity hits you!
The electric eel shoots out a bolt of lightning at you!
The bolt of electricity hits you!
* * * LOW HITPOINT WARNING * * *
The bolt of electricity hits you!
* * * LOW HITPOINT WARNING * * *
The electric eel shoots out a bolt of lightning at you!
The bolt of electricity hits you!
You die...

##########......#.. ##
##...##.............
##.###.......###....####.
#.#....©.................
#>.#######.##..#.######.
#..#8.©.8#.###.#.# ##
#..#P...P#.# #.#.#
#..###'###.###.#^#
#########.#≈..@;#.##.##.#
#.........#≈...;#...###.#
#.#######.#≈P≈≈≈#..## #.#
#.# #.#≈≈⌠≈≈#..# #.# #.#
#.#≈≈≈≈≈#..# #.# #####
#.# #.#≈≈≈≈≈#..# #.#
#.... #.# ###.#≈≈P≈≈#.##
#.###.### #.#
...###+###.# #.....#
###.## # #.#P.(.P#.#
#######


You could see 2 electric eels.

Vanquished Creatures
  Eustachio (D:4)
  A jelly (D:2)
  An orc wizard (D:4)
  An orc priest (D:4)
  2 worker ants (D:4)
  7 adders
  3 oozes (D:1)
  A worm (D:2)
  5 leopard geckos
  9 orcs
  3 ball pythons
  6 bats
  4 giant cockroaches
  9 goblins
  11 hobgoblins
  6 frilled lizards
  8 kobolds
  7 rats
85 creatures vanquished.

Notes
Turn   | Place    | Note
-------+----------+-------------------------------------------
     0 | D:1      | roasted the Troll Berserker began the quest for the Orb.
     0 | D:1      | Reached XP level 1. HP: 22/22 MP: 0/0
   146 | D:1      | Reached skill level 3 in Maces & Flails
   151 | D:1      | Reached XP level 2. HP: 22/29 MP: 1/1
   393 | D:1      | Reached XP level 3. HP: 35/36 MP: 2/2
   753 | D:2      | Reached ** piety under Trog
   900 | D:2      | Reached XP level 4. HP: 21/44 MP: 3/3
  1103 | D:2      | Reached skill level 4 in Maces & Flails
  1361 | D:2      | Gained mutation: You occasionally shout uncontrollably at
                  | your foes. [potion of mutation]
  1361 | D:2      | Gained mutation: You are partially covered in slimy green
                  | scales. (AC +2) [potion of mutation]
  1407 | D:3      | Reached XP level 5. HP: 48/52 MP: 4/4
  1463 | D:3      | Found a sacrificial altar of Ru.
  1583 | D:3      | Reached *** piety under Trog
  1796 | D:3      | Reached skill level 1 in Long Blades
  2093 | D:4      | Noticed Eustachio
  2158 | D:4      | Killed Eustachio
  2158 | D:4      | Reached skill level 1 in Axes
  2158 | D:4      | Reached XP level 6. HP: 35/61 MP: 5/5
  2273 | D:4      | Found a transporter.
  2500 | D:4      | Found a transporter.
  2594 | D:4      | Killed from afar by an electric eel

Skill      XL: |  1  2  3  4  5  6 |
---------------+-------------------+-----
Maces & Flails | 3 4 |  4.1
Dodging        | 3 |  3.9
Fighting       | 3 |  3.3
Long Blades    | 1 |  1.4
Axes           | 1 2 |  2.3
Stealth        | |  0.4

Action                   |  1- 3 |  4- 6 || total
-------------------------+-------+-------++-------
Melee: Mace              |   120 |    18 ||   138
       Long sword        |       |   100 ||   100
       Battleaxe         |       |   103 ||   103
  Use: Scroll            |       |    10 ||    10
       Potion            |       |     8 ||     8
 Stab: Sleeping          |     2 |     1 ||     3
  Eat: Chunk             |    12 |    17 ||    29
Armor: Animal skin       |    46 |   140 ||   186
Dodge: Dodged            |    86 |   216 ||   302
       Rpst.: Long sword |       |    28 ||    28
